 Dungeon Crawl Stone Soup version 0.23.2-33-g5129a83184 (webtiles) character file.

Game seed: 13399421257302164589

1899 Destapler the Ducker (level 9, -12/57 HPs)
             Began as a Tengu Fire Elementalist on July 22, 2019.
             Was a Follower of Sif Muna.
             Shot with an arrow by a centaur (15 damage)
             ... on level 6 of the Dungeon.
             The game lasted 01:11:16 (7875 turns).

Destapler the Ducker (Tengu Fire Elementalist)      Turns: 7875, Time: 01:11:17

Health: -12/57     AC:  4    Str:  9    XL:     9   Next: 15%
Magic:  10/16      EV: 19    Int: 16    God:    Sif Muna [*.....]
Gold:   259        SH:  0    Dex: 17    Spells: 8/16 levels left

rFire    . . .     SeeInvis +   m - +5 dagger (freeze)
rCold    + . .     Gourm    .   (no shield)
rNeg     . . .     Faith    .   a - +0 robe
rPois    .         Spirit   .   (helmet restricted)
rElec    .         Reflect  .   g - +1 cloak
rCorr    .         Harm     .   (no gloves)
MR       .....                  (boots unavailable)
Stlth    +++.......             (no amulet)
HPRegen  0.19/turn              u - ring of see invisible
MPRegen  0.15/turn              y - ring of protection from cold

@: flying quickly and evasively, very slightly contaminated, hasted, very quick
A: beak, horns 1, talons 3, robust 1, able to fly
a: Stop Flying, Divine Energy, Renounce Religion


You were on level 6 of the Dungeon.
You worshipped Sif Muna.
Sif Muna was aware of your devotion.
You were not hungry.

You visited 2 branches of the dungeon, and saw 7 of its levels.

You collected 259 gold pieces.

Inventory:

Hand Weapons
 b - a +0 hunting sling
 h - a +0 dagger
 m - a +5 dagger of freezing (weapon)
 t - a +0 shortbow
Missiles
 d - 129 stones (quivered)
 v - 88 arrows
Armour
 a - a +0 robe (worn)
 g - a +1 cloak (worn)
Jewellery
 u - a ring of see invisible (left hand)
 y - a ring of protection from cold (right hand)
Scrolls
 f - 4 scrolls of teleportation
 j - 4 scrolls of identify
 n - 3 scrolls of remove curse
 o - a scroll of blinking {unknown}
 p - a scroll of fog
 r - a scroll of enchant armour
 w - a scroll of fear
 A - a scroll of immolation {unknown}
 B - a scroll of silence {unknown}
Potions
 e - 4 potions of curing
 i - a potion of cancellation {unknown}
 k - a potion of invisibility
 l - a potion of brilliance {unknown}
 q - a potion of degeneration {unknown}
 x - a potion of agility {unknown}
Comestibles
 c - 6 rations
 z - 8 chunks of flesh


   Skills:
 + Level 4.3 Fighting
 + Level 4.0 Short Blades
 + Level 5.6 Dodging
 + Level 5.6 Stealth
 - Level 4.0 Spellcasting
 + Level 4.8 Conjurations
 + Level 4.1 Summonings
 + Level 4.5 Fire Magic


You had 8 spell levels left.
You knew the following spells:

 Your Spells              Type           Power        Failure   Level  Hunger
a - Flame Tongue          Conj/Fire      ###..        2%          1    None
b - Throw Flame           Conj/Fire      ###...       3%          2    ##.....
c - Conjure Flame         Conj/Fire      ###.....     8%          3    ###....
d - Call Imp              Summ           ###.....     4%          2    ##.....

Your spell library contained the following spells:

 Spells                   Type           Power        Failure   Level  Hunger
 Summon Small Mammal      Summ           ###.         3%          1    None
 Call Canine Familiar     Summ           ###.....     10%         3    ###....
 Inner Flame              Hex/Fire       ##......     21%         3    ###....
 Summon Guardian Golem    Hex/Summ       #.......     22%         3    ###....
 Sticky Flame             Conj/Fire      ###.....     24%         4    ####...
 Summon Ice Beast         Ice/Summ       #.......     56%         4    ####...
 Summon Lightning Spire   Summ/Air       #.......     56%         4    ####...
 Fireball                 Conj/Fire      ###.......   56%         5    ######.


Dungeon Overview and Level Annotations

Branches:
Dungeon (6/15)             Temple (1/1) D:4

Altars:
Ashenzari
Cheibriados
Dithmenos
Elyvilon
Fedhas
Gozag
Hepliaklqana
Kikubaaqudgha
Makhleb
Nemelex Xobeh
Qazlal
Ru
Sif Muna
Trog
Uskayaw
Vehumet
Wu Jian
Xom
Yredelemnul
Zin
The Shining One


Innate Abilities, Weirdness & Mutations

You have a beak for a mouth.
You have claws for feet.
You can fly continuously.
You have a pair of small horns on your head.
You are robust. (+10% HP)


Message History

Casting: Call Imp (safe; 4% risk of failure)
Confirm with . or Enter, or press ? or * to list all spells.
Aiming: Conjure Flame (safe; 8% risk of failure)
Press: ? - help, Dir - move target cursor You miscast Conjure Flame.
You are very lightly contaminated with residual magic.
Nothing appears to happen.
Found 19 gold pieces.
The centaur shoots an arrow.
The arrow hits you!
* * * LOW HITPOINT WARNING * * *
The arrow burns you.
* * * LOW HITPOINT WARNING * * *
You see here an arrow.
You feel yourself speed up. The ogre completely misses you.
The centaur shoots an arrow.
The arrow hits you!
* * * LOW HITPOINT WARNING * * *
The arrow burns you.
* * * LOW HITPOINT WARNING * * *
The centaur shoots an arrow.
The arrow hits you!
You die...

.... ###c.####..#.######... .O.
###...#####...........## .c##
###...####..รท.(.....###### #(.##
#((.######.##.......#####
#...####(####.....##.............
....OF..(# #.....##.......#####.
......#### #....###cO.....## #
.....## #................ #
.....## #...@##.......##.. #
......# #....##........###.##
......## ##...........#..##...
.......#######.####.....)....####
.................................
.............#####...............
............######...........###.
###.#.......###......>...........
# #.#..................##..).###.


You could see an ogre and a centaur.

Vanquished Creatures
  Sigmund (D:3)
  2 ice beasts (D:6)
  3 ogres
  3 centaurs
  A bullfrog (D:5)
  2 scorpions
  A howler monkey (D:6)
  4 crimson imps
  2 bullfrog skeletons (D:6)
  A centaur skeleton (D:6)
  2 hounds (D:5)
  4 worker ants
  An iguana (D:2)
  3 hound zombies
  2 hound skeletons
  A mummy (D:5)
  A worker ant zombie (D:5)
  7 adders
  6 gnolls
  A shadow imp (D:5)
  4 worms
  A dart slug (D:2)
  3 leopard geckos
  12 orcs
  5 giant cockroaches
  12 goblins
  6 hobgoblins
  6 jackals
  A ball python (D:1)
  2 bats
  8 frilled lizards
  A hobgoblin zombie (D:5)
  8 kobolds
  3 orc zombies (D:5)
  A quokka skeleton (D:5)
  4 rats
125 creatures vanquished.

Vanquished Creatures (collateral kills)
  An ogre (D:4)
  A bullfrog (D:6)
  2 gnolls (D:5)
  An adder (D:5)
  3 jackals (D:5)
8 creatures vanquished.

Grand Total: 133 creatures vanquished

Notes
Turn   | Place    | Note
-------+----------+-------------------------------------------
     0 | D:1      | Destapler the Tengu Fire Elementalist began the quest for
                  | the Orb.
     0 | D:1      | Reached XP level 1. HP: 10/10 MP: 4/4
   187 | D:1      | Reached XP level 2. HP: 15/15 MP: 1/6
   563 | D:1      | Reached skill level 1 in Fighting
   563 | D:1      | Reached XP level 3. HP: 20/20 MP: 7/7
  1511 | D:2      | Reached XP level 4. HP: 16/25 MP: 1/8
  2065 | D:2      | Learned a level 3 spell: Conjure Flame
  2080 | D:2      | Learned a level 2 spell: Throw Flame
  2446 | D:2      | Gained mutation: You can fly continuously. [Tengu growth]
  2446 | D:2      | Reached XP level 5. HP: 30/30 MP: 4/10
  2883 | D:3      | Noticed Sigmund
  3616 | D:3      | Found an ancient bone altar of Kikubaaqudgha.
  4030 | D:4      | Found a staircase to the Ecumenical Temple.
  4042 | D:4      | Found a sacrificial altar of Ru.
  4071 | D:4      | Noticed an ogre
  4079 | D:4      | Reached XP level 6. HP: 35/35 MP: 6/11
  4621 | D:4      | Learned a level 2 spell: Call Imp
  4712 | Temple   | Entered the Ecumenical Temple
  4933 | Temple   | Became a worshipper of Sif Muna the Loreminder
  5097 | D:4      | Reached skill level 1 in Short Blades
  5097 | D:4      | Reached skill level 1 in Summonings
  5194 | D:4      | Reached XP level 7. HP: 40/40 MP: 8/12
  5481 | D:3      | Gained mutation: You have a pair of small horns on your
                  | head. [potion of mutation]
  5481 | D:3      | Gained mutation: You are robust. (+10% HP) [potion of
                  | mutation]
  5485 | D:3      | HP: 1/66 [Sigmund/puff of flame (5)]
  5486 | D:3      | Killed Sigmund
  5901 | D:5      | Entered Level 5 of the Dungeon
  6250 | D:5      | Reached XP level 8. HP: 50/50 MP: 9/14
  6589 | D:5      | Found a radiant altar of Vehumet.
  6589 | D:5      | Found an opulent altar of Gozag.
  6590 | D:5      | Found a basalt altar of Yredelemnul.
  7061 | D:5      | Reached skill level 5 in Dodging
  7146 | D:6      | Reached skill level 5 in Stealth
  7436 | D:6      | Reached * piety under Sif Muna
  7634 | D:6      | Reached XP level 9. HP: 57/57 MP: 13/16
  7875 | D:6      | Shot with an arrow by a centaur

Skill      XL: |  1  2  3  4  5  6  7  8  9 |
---------------+----------------------------+-----
Fighting       | 1 2 3 4 |  4.3
Conjurations   | 2 3 4 |  4.8
Spellcasting   | 3 4 |  4.0
Dodging        | 3 4 5 |  5.6
Stealth        | 3 4 5 |  5.6
Short Blades   | 1 2 3 4 |  4.0
Summonings     | 1 3 4 |  4.1
Fire Magic     | 4 |  4.5

Action                   |  1- 3 |  4- 6 |  7- 9 || total
-------------------------+-------+-------+-------++-------
Melee: Dagger            |    30 |    39 |   117 ||   186
       Peck              |     4 |    10 |    22 ||    36
       Kick              |     2 |    10 |    41 ||    53
       Headbutt          |       |       |    12 ||    12
Throw: Stone             |    19 |     9 |       ||    28
 Cast: Flame Tongue      |    51 |    53 |    30 ||   134
       Throw Flame       |       |    26 |    16 ||    42
       Call Imp          |       |     2 |    14 ||    16
       Conjure Flame     |       |       |     3 ||     3
 Abil: Fly               |       |     1 |       ||     1
  Use: Scroll            |       |    11 |     1 ||    12
       Potion            |       |       |     6 ||     6
 Stab: Sleeping          |     1 |     1 |     9 ||    11
       Distracted        |       |       |     1 ||     1
  Eat: Chunk             |     2 |    11 |     8 ||    21
       Ration            |       |       |     1 ||     1
Armor: Robe              |     7 |     8 |    11 ||    26
       Skin              |       |       |     1 ||     1
Dodge: Dodged            |    49 |    38 |    89 ||   176
